 Dungeon Crawl Stone Soup version 0.32-a0-876-gcfddb08e57 (webtiles) character file.

Game seed: 3319182744205817122

214 Atlas the Firebug (level 5, -3/35 HPs)
             Began as a Demonspawn Fire Elementalist on Apr 2, 2024.
             Was an Initiate of Vehumet.
             Hit by a boomerang thrown by an orc (6 damage)
             ... on level 3 of the Dungeon.
             The game lasted 00:03:42 (4298 turns).

Atlas the Firebug (Demonspawn Fire Elementalist)    Turns: 4298, Time: 00:03:43

Health: -3/35      AC:  4    Str:  8    XL:     5   Next: 59%
Magic:  10/10      EV: 10    Int: 18    God:    Vehumet [......]
Gold:   76         SH:  0    Dex: 13    Spells: 8/11 levels left

rFire   + . .        a - staff of fire
rCold   . . .        (no shield)
rNeg    . . .        m - +0 leather armour
rPois   .            c - +0 helmet
rElec   .            (no cloak)
rCorr   .            (no gloves)
SInv    .            (no boots)
Will    .....        (no amulet)
Stlth   ++           (no ring)
HPRegen 0.25/turn    (no ring)
MPRegen 0.12/turn

%: no passive effects
@: no status effects
A: weakness stinger 2
a: Renounce Religion


You were on level 3 of the Dungeon.
You worshipped Vehumet.
Vehumet was noncommittal.
You visited 1 branch of the dungeon, and saw 4 of its levels.

You collected 164 gold pieces.
You spent 88 gold pieces at shops.

Inventory:

Armour
 c - a +0 helmet (worn)
 m - a +0 leather armour (worn)
Magical Staves
 a - a staff of fire (weapon)
Wands
 n - a wand of flame (29)
 p - a wand of light (7)
Scrolls
 d - 6 scrolls of identify {unknown}
 e - 2 scrolls of silence {unknown}
 f - a scroll of noise {unknown}
 l - a scroll of revelation {unknown}
 o - a scroll of enchant armour {unknown}
 q - 2 scrolls of teleportation {unknown}
 r - a scroll of immolation {unknown}
Potions
 b - 3 potions of magic
 g - a potion of haste {unknown}
 h - a potion of brilliance {unknown}
 i - a potion of heal wounds
 j - 2 potions of might {unknown}
 s - a potion of cancellation {unknown}


   Skills:
 + Level 0.1 Staves
 + Level 0.2 Armour
 + Level 1.9 Dodging
 + Level 1.8 Stealth
 + Level 3.5 Spellcasting
 + Level 2.0 Conjurations
 + Level 4.4 Fire Magic


You had 8 spell levels left.
You knew the following spells:

 Your Spells              Type           Power      Damage    Failure   Level
a - Scorch                Fire           56%        2d7       5%          2
b - Foxfire               Conj/Fire      88%        2x1d8     6%          1

Your spell library contained the following spells:

 Spells                   Type           Power      Damage    Failure   Level
 Inner Flame              Hex/Fire       16%        N/A       26%         3
 Volatile Blastmotes      Fire/Tloc      32%        2d12      26%         3
 Ensorcelled Hibernation  Hex/Ice        6%         N/A       32%         2
 Flame Wave               Conj/Fire      22%        2d8       50%         4
 Passwall                 Erth           3%         N/A       54%         3
 Swiftness                Air            3%         N/A       54%         3


Dungeon Overview and Level Annotations

Branches:
Dungeon (4/15)
 Temple: D:4-7

Altars:
Vehumet

Shops:
D:1 [   D:2 !


Innate Abilities, Weirdness & Mutations

You have a tail ending in a sharp stinger.


Message History

The orc priest hits you with a +0 whip.
* * * LOW HITPOINT WARNING * * *
The hobgoblin hits you.
* * * LOW HITPOINT WARNING * * *
The orc closely misses you.
You feel much better.
The orc wizard hits you but does no damage.
The orc barely misses you. The orc priest closely misses you.
The hobgoblin closely misses you. The orc hits you with a +0 hand axe.
Found an escape hatch in the ceiling.
The orc attacks as it pursues you! The orc hits you with a +0 club.
The orc priest hits you with a +0 whip. The orc attacks as it pursues you!
The orc hits you but does no damage.
Unknown command.
Unknown command.
Found a flail.
The orc wizard closely misses you.
The orc priest hits you but does no damage.
There is a stone staircase leading up here.
The orc wizard closely misses you. The orc priest hits you with a +0 whip.
* * * LOW HITPOINT WARNING * * *
You climb upwards.
There is a stone staircase leading down here.
Unknown command.
The orc hits you but does no damage.
The orc priest looks satisfied for a moment.
The orc hits you with a +0 club.
* * * LOW HITPOINT WARNING * * *
The orc wizard attacks as it pursues you!
The orc wizard hits you with a +0 dagger.
* * * LOW HITPOINT WARNING * * *
The orc wizard mumbles some strange words.
The orc wizard flickers and vanishes!
Deactivating autopickup; reactivate with Ctrl-A.
The orc attacks as it pursues you! The orc hits you with a +0 club.
* * * LOW HITPOINT WARNING * * *
The orc attacks as it pursues you! The orc hits you with a +0 club.
* * * LOW HITPOINT WARNING * * *
Things that are here:
a +0 dagger; a goblin skeleton The orc throws a boomerang.
The boomerang hits you.
You die...

### ### #.# #.#######
#.##########.......#
#.)@.........#####.#
#o##########.#...#.# #o#
######.#.#.# #.#
#........#.# #.###
#.###.##.#.# #####...#
#.#......#.# #...#>..#
#.#.#.##.#..
#.#.#...#####.#.#.##.###
#.#.........#.#.#.##.###


You could see an orc.

Vanquished Creatures
  A kobold brigand (D:4)
  A sleepcap (D:4)
  An iguana (D:4)
  2 adders
  3 dart slugs
  An orc (D:4)
  4 ball pythons
  6 endoplasms
  2 giant cockroaches
  10 goblins
  8 hobgoblins
  2 jackals (D:2)
  5 kobolds
  A quokka (D:1)
  6 bats
  2 frilled lizards
  9 rats
64 creatures vanquished.

Vanquished Creatures (collateral kills)
  5 foxfires (D:1)
5 creatures vanquished.

Vanquished Creatures (others)
  189 foxfires
189 creatures vanquished.

Grand Total: 258 creatures vanquished

Notes
Turn   | Place    | Note
-------+----------+-------------------------------------------
     0 | D:1      | Atlas the Demonspawn Fire Elementalist began the quest for
                  | the Orb.
     0 | D:1      | Reached XP level 1. HP: 13/13 MP: 3/3
   228 | D:1      | Reached skill level 3 in Fire Magic
   443 | D:1      | Gained mutation: You have a small tail. [demonic ancestry]
   443 | D:1      | Reached XP level 2. HP: 19/19 MP: 1/5
   696 | D:1      | Found a faded altar of an unknown god.
  1069 | D:1      | Learned a level 2 spell: Scorch
  1109 | D:1      | Found Amookk's Armour Shoppe.
  1395 | D:2      | Reached XP level 3. HP: 24/24 MP: 1/6
  1533 | D:2      | Found Ynwich's Distillery.
  1598 | D:2      | Bought a potion of heal wounds for 55 gold pieces
  1598 | D:2      | Bought a potion of curing for 33 gold pieces
  1659 | D:2      | You fall into a shaft and drop 1 floor!
  2605 | D:3      | Gained mutation: You have a tail ending in a sharp stinger.
                  | [demonic ancestry]
  2605 | D:3      | Reached XP level 4. HP: 25/30 MP: 0/8
  3731 | D:4      | Noticed a kobold brigand
  3736 | D:4      | Killed a kobold brigand
  3737 | D:4      | Reached skill level 4 in Fire Magic
  3737 | D:4      | Reached XP level 5. HP: 31/35 MP: 3/9
  3993 | D:4      | Found a radiant altar of Vehumet.
  4012 | D:4      | Became a worshipper of Vehumet
  4298 | D:3      | Hit by a boomerang thrown by an orc

Illustrated notes

Levels and vault maps discovered:
D:1:      onia_arrival_handbag, layout_loops_cross, serial_shops, shop,
          shapermc_ecumenical_altar_acropolis
D:2:      layout_basic, serial_shops, nicolae_shop_stone, minmay_misc_feat_chi
D:3:      layout_basic, serial_curves, eino_curves_03, eino_curves_01,
          minivault_19, hangedman_decor_clover_reticule, minmay_statues_item
D:4:      layout_basic, nicolae_vehumet_altar_sigil

Skill      XL: |  1  2  3  4 |
---------------+-------------+-----
Fire Magic     | 3 4 |  4.4
Spellcasting   | 3 |  3.5
Conjurations   | 2 |  2.0
Staves         | |  0.1
Armour         | |  0.2
Dodging        | |  1.9
Stealth        | |  1.8

Action                     |  1- 3 |  4- 6 || total
---------------------------+-------+-------++-------
  Melee: Unarmed           |    20 |       ||    20
         Staff             |       |     6 ||     6
   Cast: Foxfire           |    89 |    23 ||   112
         Scorch            |    15 |    18 ||    33
    Use: Potion            |       |     2 ||     2
 Armour: Robe              |    39 |       ||    39
         Leather armour    |     2 |    29 ||    31
  Dodge: Dodged            |    36 |    24 ||    60

Table legend: (Time is in decaauts)
 A = Elapsed time spent in this place.
 B = Non-inter-level travel time spent in this place.
 C = Inter-level travel time spent in this place.
 D = Time resting spent in this place.
 E = Time spent auto-exploring this place.
 F = Levels seen in this place.
 G = Mean time per level.
                   A        B        C        D        E       F      G
               +--------+--------+--------+--------+--------+-----+--------+
         Total |   4299 |   4211 |     88 |      6 |   3697 |   4 | 1074.8 |
       Dungeon |   4299 |   4211 |     88 |      6 |   3697 |   4 | 1074.8 |
               +--------+--------+--------+--------+--------+-----+--------+

Top non-repeatable levels by time:
     D:1: 1239 daAuts
     D:3: 1185 daAuts
     D:2: 996 daAuts
     D:4: 877 daAuts
